 Dungeon Sprint DCSS version 0.30-a0-304-gdc4b735fe1 (webtiles) character file.

Game seed: 1195753406679480627

14485 rocky1 the Bludgeoner (level 11, 0/111 HPs)
             Began as a Minotaur Fighter on Oct 21, 2022.
             Was an Initiate of Gozag.
             Slain by an eight-headed hydra simulacrum (5 damage)
             ... in the Dungeon (Sprint III: "The Ten Rune Challenge").
             The game lasted 00:14:15 (3659 turns).

rocky1 the Bludgeoner (Minotaur Fighter)            Turns: 3659, Time: 00:14:17

Health: 0/111      AC: 17    Str: 27    XL:     11   Next: 89%
Magic:  10/10      EV: 13    Int: 11    God:    Gozag
Gold:   1643       SH:  7    Dex: 11    Spells: 10/10 levels left

rFire   + + .      SeeInvis .    m - +8 mace of Guotal {pain, rC++}
rCold   + + +      Faith    .    c - +0 buckler
rNeg    . . .      Spirit   .    b - +3 chain mail {rPois}
rPois   +          Reflect  .    (helmet restricted)
rElec   +          Harm     .    (no cloak)
rCorr   +          Rampage  .    p - +0 pair of gloves {Str+3}
Will    .....      NoTele   +    (no boots)
Stlth   ..........               w - amulet of regeneration
HPRegen 1.18/turn                x - ring of protection from fire
MPRegen 0.12/turn                v - ring "Arphuamp" {Int+6 Slay+3}

@: resistant, gold aura
A: horns 2, retaliatory headbutt
a: Renounce Religion, Potion Petition, Call Merchant, Bribe Branch


You were in the Dungeon.
You worshipped Gozag.
Gozag was most pleased with you.
You visited 1 branch You collected 8421 gold pieces.
You spent 3510 gold pieces at shops.
You paid 3268 gold pieces to Gozag.

Inventory:

Hand Weapons
 m - the +8 mace of Guotal (weapon) {pain, rC++}
   (You bought it in a shop in the Dungeon)

   In the hands of one skilled in necromantic magic, it inflicts extra damage on
   living creatures.
   rC:        It greatly protects you from cold.
Missiles
 a - 7 curare-tipped darts (quivered)
 u - 5 javelins
Armour
 b - a +3 chain mail of poison resistance (worn)
 c - a +0 buckler (worn)
 p - a +0 pair of gloves of strength (worn)
 t - a +0 plate armour of fire resistance
Jewellery
 v - the ring "Arphuamp" (right hand) {Int+6 Slay+3}
   (You bought it in a shop in the Dungeon)

   [ring of intelligence]

   Int:       It affects your intelligence (+6).
   Slay:      It affects your accuracy & damage with ranged weapons and melee
   (+3).
 w - an amulet of regeneration (around neck)
 x - a ring of protection from fire (left hand)
Scrolls
 j - a scroll of blinking
 l - 2 scrolls of poison
 r - 2 scrolls of enchant armour
 s - a scroll of amnesia {unknown}
Potions
 d - a potion of might
 e - 2 potions of curing
 g - 2 potions of haste
 h - 2 potions of magic
 i - a potion of berserk rage
 k - 3 potions of mutation
 n - 2 potions of flight
 q - a potion of degeneration {unknown}
Miscellaneous
 o - a lightning rod (4/4)


   Skills:
 - Level 14.4 Fighting
 + Level 16.9 Maces & Flails
 - Level 14.4 Armour
 - Level 12.8 Dodging
 - Level 14.3 Shields
 + Level 7.7 Necromancy
 + Level 9.3 Evocations


You had 10 spell levels left.
You didn't know any spells.
Your spell library contained the following spells:

 Spells                   Type           Power      Damage    Failure   Level
 Frozen Ramparts          Ice            0%         1d1       99%         3
 Ice Form                 Ice/Tmut       0%         N/A       100%        4
 Summon Ice Beast         Ice/Summ       0%         N/A       100%        4
 Blade Hands              Tmut           0%         N/A       100%        5
 Irradiate                Conj/Tmut      0%         3d11      100%        5
 Dragon Form              Tmut           0%         N/A       100%        7


Dungeon Overview and Level Annotations

Branches:
Dungeon (1/1)

Altars:
Cheibriados
Dithmenos
Elyvilon
Fedhas
Gozag
Hepliaklqana
Kikubaaqudgha
Makhleb
Nemelex Xobeh
Okawaru
Qazlal
Ru
Sif Muna
Trog
Uskayaw
Vehumet
Wu Jian
Xom
Yredelemnul
Zin
The Shining One
Jiyva
Lugonu

Shops:
D [=*(


Innate Abilities, Weirdness & Mutations

You have a pair of horns on your head.
You reflexively headbutt those who attack you in melee.


Message History

The eight-headed hydra simulacrum freezes you!
You resist.
* * * LOW HITPOINT WARNING * * *
The eight-headed hydra simulacrum bites you.
* * * LOW HITPOINT WARNING * * *
The eight-headed hydra simulacrum freezes you.
You resist.
* * * LOW HITPOINT WARNING * * *
The eight-headed hydra simulacrum bites you.
* * * LOW HITPOINT WARNING * * *
The eight-headed hydra simulacrum freezes you!
You resist.
* * * LOW HITPOINT WARNING * * *
The eight-headed hydra simulacrum barely misses you. x2
You block the eight-headed hydra simulacrum's attack.
Okay, then. [a] - 288 gold - brilliance and magic [b] - 392 gold - resistance and might [c] - 200 gold - resistance Purchase which effect? [a] - 288 gold - brilliance and magic [b] - 392 gold - resistance and might [c] - 200 gold - resistance Purchase which effect?
You feel protected.
You are engulfed in freezing vapours.
You resist.
Unknown command.
You feel much better.
You are engulfed in freezing vapours.
You resist.
The eight-headed hydra simulacrum bites you.
* * * LOW HITPOINT WARNING * * *
The eight-headed hydra simulacrum freezes you.
You resist.
* * * LOW HITPOINT WARNING * * *
The eight-headed hydra simulacrum misses you.
The eight-headed hydra simulacrum bites you!
* * * LOW HITPOINT WARNING * * *
The eight-headed hydra simulacrum freezes you.
You resist.
You die...
Your body crumbles into a pile of gold.

▓▓▓▓▓▓▓▓▓▓▓▓▓▓▓▓▓#.......#.......
~~~..∩.....~~~...#.......#.......
♣≈≈≈≈≈≈≈≈≈≈≈≈♣♣P.'.^^..^.#.......
♣♣♣♣♣♣♣♣♣♣♣♣♣♣♣PP#.......########
♣ ♣♣♣##'######
♣♣♣♣♣♣♣♣♣♣♣♣♣♣♣♣♣#.).+
##..##~~~~~≈..#/§#..)#
#.##.#~~~~≈...#○Z#...#
.##.##'~~~≈≈####@#####
.##.).#~~....☼§°○#
#.##..#≈..'#######
#.#####...#..)(..#
..##....∩.#♣♣♣(_.#
####+############# #.........
#......... ########## $


You could see an eight-headed hydra simulacrum.

Vanquished Creatures
  Harold (D)
  Erolcha (D)
  2 hydras (D)
  Urug (D)
  A death drake (D)
  A spriggan druid (D)
  A deep elf pyromancer (D)
  Joseph (D)
  A lindwurm (D)
  An orc knight (D)
  2 black mambas (D)
  2 cane toads (D)
  A rime drake (D)
  A komodo dragon (D)
  A queen bee (D)
  2 tyrant leeches (D)
  5 blink frogs (D)
  3 wandering mushrooms (D)
  A shadow (D)
  2 spriggans (D)
  5 redbacks (D)
  A spatial vortex (D)
  2 water moccasins (D)
  A swamp drake (D)
  4 orc warriors (D)
  5 two-headed ogres (D)
  A necrophage (D)
  A water elemental (D)
  A scorpion (D)
  32 killer bees (D)
  An electric eel (D)
  An orc priest (D)
  A jelly (D)
  Jessica (D)
  A wizard (D)
  2 orc wizards (D)
  A necromancer (D)
  2 polar bear simulacra (D)
  A wolf simulacrum (D)
  3 humans (D)
  A kobold demonologist (D)
  10 orcs (D)
  An endoplasm (D)
  2 rats (D)
112 creatures vanquished.

Notes
Turn   | Place    | Note
-------+----------+-------------------------------------------
     0 | D        | rocky1 the Minotaur Fighter began the quest for the Orb.
     0 | D        | Reached XP level 1. HP: 19/19 MP: 0/0
    15 | D        | Noticed Jessica
    16 | D        | Reached skill level 1 in Dodging
    20 | D        | Killed Jessica
    21 | D        | Reached skill level 4 in Maces & Flails
    21 | D        | Reached XP level 2. HP: 28/28 MP: 1/1
    21 | D        | Reached XP level 3. HP: 35/35 MP: 2/2
    54 | D        | Reached skill level 5 in Fighting
    54 | D        | Reached skill level 5 in Armour
    54 | D        | Reached skill level 5 in Shields
    74 | D        | Noticed a scorpion
    81 | D        | Killed a scorpion
    82 | D        | Reached skill level 5 in Maces & Flails
    82 | D        | Reached XP level 4. HP: 35/44 MP: 3/3
   117 | D        | Noticed a water elemental
   122 | D        | Killed a water elemental
   123 | D        | Reached skill level 6 in Maces & Flails
   123 | D        | Reached XP level 5. HP: 29/51 MP: 4/4
   217 | D        | Reached skill level 5 in Dodging
   217 | D        | Noticed a shadow
   225 | D        | Killed a shadow
   226 | D        | Reached skill level 7 in Maces & Flails
   226 | D        | Reached XP level 6. HP: 59/61 MP: 5/5
   335 | D        | Found a blossoming altar of Fedhas.
   335 | D        | Found a stormy altar of Qazlal.
   335 | D        | Found a snail-covered altar of Cheibriados.
   335 | D        | Found a burning altar of Makhleb.
   335 | D        | Found a shimmering altar of Xom.
   335 | D        | Noticed a spatial vortex
   336 | D        | Found a hazy altar of Hepliaklqana.
   336 | D        | Found an opulent altar of Gozag.
   336 | D        | Found a sparkling altar of Nemelex Xobeh.
   336 | D        | Found a corrupted altar of Lugonu.
   336 | D        | Found a viscous altar of Jiyva.
   342 | D        | Became a worshipper of Gozag Ym Sagoz the Greedy
   425 | D        | Killed a spatial vortex
   426 | D        | Reached skill level 8 in Maces & Flails
   528 | D        | Found a basalt altar of Yredelemnul.
   528 | D        | Found a shadowy altar of Dithmenos.
   528 | D        | Found a sacrificial altar of Ru.
   534 | D        | Reached XP level 7. HP: 52/69 MP: 6/6
   597 | D        | Found a hide-covered altar of Uskayaw.
   597 | D        | Found an iron altar of Okawaru.
   598 | D        | Found a bloodstained altar of Trog.
   598 | D        | Found an ornate altar of the Wu Jian Council.
   598 | D        | Noticed a human
   598 | D        | Noticed a human
   604 | D        | Killed a human
   605 | D        | Reached skill level 9 in Maces & Flails
   610 | D        | Killed a human
   671 | D        | Found a radiant altar of Vehumet.
   671 | D        | Found a shimmering blue altar of Sif Muna.
   671 | D        | Found an ancient bone altar of Kikubaaqudgha.
   797 | D        | Found a glowing silver altar of Zin.
   797 | D        | Found a glowing golden altar of the Shining One.
   797 | D        | Found a white marble altar of Elyvilon.
   798 | D        | Noticed a deep elf pyromancer
   806 | D        | Noticed a fire elemental
   809 | D        | Killed a deep elf pyromancer
   810 | D        | Reached skill level 10 in Fighting
   810 | D        | Reached skill level 10 in Maces & Flails
   810 | D        | Reached skill level 10 in Armour
   810 | D        | Reached skill level 10 in Shields
   810 | D        | Reached XP level 8. HP: 48/81 MP: 7/7
  1094 | D        | Noticed a two-headed ogre
  1107 | D        | Killed a two-headed ogre
  1108 | D        | Reached skill level 11 in Maces & Flails
  1318 | D        | Noticed a two-headed ogre
  1324 | D        | Noticed Erolcha
  1328 | D        | Killed Erolcha
  1329 | D        | Reached skill level 10 in Dodging
  1329 | D        | Reached XP level 9. HP: 90/90 MP: 8/8
  1340 | D        | Killed a two-headed ogre
  1341 | D        | Reached skill level 12 in Maces & Flails
  1466 | D        | Noticed an orc knight
  1487 | D        | Killed an orc knight
  1511 | D        | Found Woimawn's Assorted Antiques.
  1765 | D        | Bought a scroll labelled HICOXZ UNEERPH for 22 gold pieces
  1765 | D        | Bought a scroll labelled SOESEC TUIGI for 22 gold pieces
  1808 | D        | Bought the +8 mace of Guotal {pain, rC++} for 1008 gold
                  | pieces
  1823 | D        | Reached skill level 1 in Evocations
  1830 | D        | Noticed Joseph
  1831 | D        | Noticed Harold
  1836 | D        | Killed Harold
  1837 | D        | Reached skill level 13 in Maces & Flails
  1837 | D        | Reached XP level 10. HP: 74/101 MP: 9/9
  1848 | D        | Killed Joseph
  2359 | D        | Bought a +3 chain mail of poison resistance for 329 gold
                  | pieces
  2359 | D        | Bought a +0 pair of gloves of strength for 161 gold pieces
  2359 | D        | Bought a +0 plate armour of fire resistance for 420 gold
                  | pieces
  2380 | D        | Noticed a cane toad
  2380 | D        | Noticed a cane toad
  2394 | D        | Killed a cane toad
  2401 | D        | Reached skill level 14 in Maces & Flails
  2401 | D        | Reached XP level 11. HP: 37/110 MP: 10/10
  2404 | D        | Reached skill level 5 in Evocations
  2650 | D        | Reached skill level 5 in Necromancy
  2876 | D        | Noticed a lindwurm
  2885 | D        | Killed a lindwurm
  2886 | D        | Reached skill level 15 in Maces & Flails
  2980 | D        | Noticed Urug
  2991 | D        | Killed Urug
  3017 | D        | Noticed a seven-headed hydra
  3017 | D        | Noticed a four-headed hydra
  3028 | D        | Killed a seven-headed hydra
  3034 | D        | Killed a four-headed hydra
  3035 | D        | Reached skill level 16 in Maces & Flails
  3153 | D        | Noticed a death drake
  3160 | D        | Killed a death drake
  3482 | D        | Bought the ring "Arphuamp" {Int+6 Slay+3} for 778 gold
                  | pieces
  3482 | D        | Bought an amulet of regeneration for 420 gold pieces
  3482 | D        | Bought a ring of protection from fire for 350 gold pieces
  3592 | D        | Found a blossoming altar of Fedhas.
  3592 | D        | Noticed a spriggan druid
  3596 | D        | Killed a spriggan druid
  3659 | D        | HP: 5/111 [eight-headed hydra simulacrum (9)]
  3659 | D        | Slain by an eight-headed hydra simulacrum

Illustrated notes

Levels and vault maps discovered:
D:        dungeon_sprint_mu [sprint_mu_entry_forest, sprint_mu_temple_rooms,
          sprint_mu_d1_spiders, sprint_mu_d2_genie, sprint_mu_d3_branching,
          sprint_mu_orc_legion, sprint_mu_elf_gauntlet, sprint_mu_hive_nellie,
          sprint_mu_lair_fedhas, sprint_mu_vaults_butterflies,
          sprint_mu_slime_circle, sprint_mu_swamp_cave, sprint_mu_snake_twists,
          sprint_mu_blade_basic, sprint_mu_crypt_fortress,
          sprint_mu_tomb_spiral, sprint_mu_vestibule_basic,
          sprint_mu_gehenna_hellfire, sprint_mu_dis_giant,
          sprint_mu_tartarus_statrot, sprint_mu_cocytus_islands, sprint_mu_zot1]

Skill      XL: |  1  2  3  4  5  6  7  8  9 10 11 |
---------------+----------------------------------+-----
Dodging        | 2 4 6 7 9 10 11 12 | 12.8
Fighting       | 4 6 8 10 12 13 14 | 14.4
Maces & Flails | 4 5 6 7 8 10 11 13 14 16 | 16.9
Armour         | 4 6 8 10 11 13 14 | 14.4
Shields        | 4 6 8 10 12 13 14 | 14.3
Evocations     | 2 4 9 |  9.3
Necromancy     | 2 4 7 |  7.7

Action                   |  1- 3 |  4- 6 |  7- 9 | 10-12 || total
-------------------------+-------+-------+-------+-------++-------
Melee: Flail             |    21 |    25 |   124 |       ||   170
       Headbutt          |     6 |     4 |    34 |    41 ||    85
       Mace              |       |       |    11 |   237 ||   248
Invok: Call Merchant     |       |       |     1 |     2 ||     3
       Potion Petition   |       |       |     1 |     1 ||     2
  Use: Scroll            |       |       |     4 |       ||     4
       Potion            |       |       |     2 |     1 ||     3
 Stab: Invisible         |       |       |     3 |     1 ||     4
       Distracted        |       |       |       |     2 ||     2
Armor: Scale mail        |     7 |     3 |     3 |       ||    13
       Plate armour      |       |       |     1 |    76 ||    77
       Chain mail        |       |       |       |    25 ||    25
Dodge: Dodged            |     8 |     9 |    61 |   120 ||   198
Block: Buckler           |     2 |     2 |    14 |    64 ||    82

Table legend: (Time is in decaauts)
 A = Elapsed time spent in this place.
 B = Non-inter-level travel time spent in this place.
 C = Inter-level travel time spent in this place.
 D = Time resting spent in this place.
 E = Time spent auto-exploring this place.
 F = Levels seen in this place.
 G = Mean time per level.
                   A        B        C        D        E       F      G
               +--------+--------+--------+--------+--------+-----+--------+
         Total |   3584 |   3532 |     52 |   2372 |     10 |   1 | 3584.0 |
       Dungeon |   3584 |   3532 |     52 |   2372 |     10 |   1 | 3584.0 |
               +--------+--------+--------+--------+--------+-----+--------+

Top non-repeatable levels by time:
       D: 3584 daAuts
